 Dungeon Crawl Stone Soup version 0.27.1-3-gb3d3a73c9e (webtiles) character file.

Game seed: 15701689258929027040

363 MisterFreud the Stinger (level 6, -1/44 HPs)
             Began as a Gnoll Venom Mage on Oct 6, 2021.
             Was a Believer of Fedhas.
             Killed from afar by a white imp (6 damage)
             ... with a puff of frost
             ... on level 5 of the Dungeon.
             The game lasted 00:07:17 (5390 turns).

MisterFreud the Stinger (Gnoll Venom Mage)          Turns: 5390, Time: 00:07:18

Health: -1/44      AC:  2    Str:  7    XL:     6   Next: 67%
Magic:  9/14       EV: 13    Int: 17    God:    Fedhas [**....]
Gold:   209        SH:  0    Dex: 12    Spells: 7/15 levels left

rFire    . . .     SeeInvis .   a - +0 short sword
rCold    . . .     Faith    .   (no shield)
rNeg     . . .     Spirit   .   e - +0 robe
rPois    .         Reflect  .   (no helmet)
rElec    .         Harm     .   (no cloak)
rCorr    .         Rampage  .   (no gloves)
Will     +....                  (no boots)
Stlth    +++.......             (no amulet)
HPRegen  0.14/turn              i - ring of willpower
MPRegen  0.14/turn              (no ring)

@: no status effects
A: fangs 1, strong nose, distributed training
a: Renounce Religion, Wall of Briars


You were on level 5 of the Dungeon.
You worshipped Fedhas.
Fedhas was pleased with you.
You visited 1 branch of the dungeon, and saw 5 of its levels.

You collected 209 gold pieces.

Inventory:

Hand Weapons
 a - a +0 short sword (weapon)
 b - a +0 hunting sling
 c - a +0 club
Missiles
 l - 206 stones
 m - 38 bolts
 p - 24 arrows
 q - 18 poisoned darts
Armour
 e - a +0 robe (worn)
Jewellery
 i - a ring of willpower (left hand)
Wands
 t - a wand of iceblast (13)
Scrolls
 d - a scroll of brand weapon {unknown}
 g - 6 scrolls of teleportation
 h - a scroll of identify
 j - a scroll of vulnerability
 o - 2 scrolls of immolation {unknown}
 s - a scroll of blinking {unknown}
Potions
 f - 2 potions of curing
 k - a potion of brilliance
 n - a potion of degeneration
 r - a potion of haste


   Skills:
 + Level 2.0 Fighting
 + Level 2.0 Short Blades
 + Level 2.0 Long Blades
 + Level 2.0 Axes
 + Level 2.0 Maces & Flails
 + Level 2.0 Polearms
 + Level 2.0 Staves
 + Level 2.0 Slings
 + Level 2.0 Bows
 + Level 2.0 Crossbows
 + Level 2.0 Throwing
 + Level 2.0 Armour
 + Level 5.0 Dodging
 + Level 4.6 Stealth
 + Level 2.0 Shields
 + Level 2.0 Unarmed Combat
 + Level 5.4 Spellcasting
 + Level 1.6 Conjurations
 + Level 1.6 Hexes
 + Level 1.6 Summonings
 + Level 1.6 Necromancy
 + Level 1.6 Translocations
 + Level 2.7 Transmutations
 + Level 1.6 Fire Magic
 + Level 1.6 Ice Magic
 + Level 1.6 Air Magic
 + Level 1.6 Earth Magic
 + Level 5.7 Poison Magic
 + Level 2.2 Invocations
 + Level 2.0 Evocations


You had 7 spell levels left.
You knew the following spells:

 Your Spells              Type           Power      Damage    Failure   Level
a - Sting                 Tmut/Pois      72%        1d6       2%          1
b - Mephitic Cloud        Conj/Pois/Air  14%        N/A       12%         3
c - Olgreb's Toxic Radia  Pois           24%        N/A       13%         4

Your spell library contained the following spells:

 Spells                   Type           Power      Damage    Failure   Level
 Poisonous Vapours        Pois/Air       34%        N/A       4%          2
 Static Discharge         Conj/Air       10%        N/A       11%         2
 Lightning Bolt           Conj/Air       5%         1d17      89%         5
 Maxwell's Capacitive Co  Air            5%         ∞         100%        8


Dungeon Overview and Level Annotations

Branches:
Dungeon (5/15)
 Temple: D:4-7

Altars:
Fedhas
Hepliaklqana
Ru
Wu Jian
Xom
Zin
Beogh


Innate Abilities, Weirdness & Mutations

You have very sharp teeth.
Your uncanny sense of smell can sniff out nearby items.
Your experience applies equally to all skills.


Message History

The white imp gestures at you. The puff of frost hits you!
Casting: Sting (safe; 2% risk of failure)
Confirm with . or Enter, or press ? or * to list all spells.
Aiming: Sting (safe; 2% risk of failure)
Press: ? - help, Shift-Dir - straight line, f/p - white imp
Aim: a white imp (moderately wounded, poisoned, 74% to hit)
The sting hits the white imp but does no damage.
The white imp looks even sicker.
The white imp is moderately wounded.
The white imp hits you. The white imp freezes you.
Casting: Sting (safe; 2% risk of failure)
Confirm with . or Enter, or press ? or * to list all spells.
Aiming: Sting (safe; 2% risk of failure)
Press: ? - help, Shift-Dir - straight line, f/p - white imp
Aim: a white imp (moderately wounded, very poisoned, 74% to hit)
The sting hits the white imp.
The white imp partially resists.
The white imp is heavily wounded.
You hear the slow rusting of a very distant drain.
The white imp hits you. The white imp freezes you.
Casting: Sting (safe; 2% risk of failure)
Confirm with . or Enter, or press ? or * to list all spells.
Aiming: Sting (safe; 2% risk of failure)
Press: ? - help, Shift-Dir - straight line, f/p - white imp
Aim: a white imp (heavily wounded, very poisoned, 74% to hit)
The sting hits the white imp but does no damage.
The white imp looks even sicker.
The white imp is heavily wounded.
The white imp gestures at you. The puff of frost hits you!
* * * LOW HITPOINT WARNING * * *
You barely miss the white imp. Your bite misses the white imp.
The white imp is heavily wounded.
The white imp closely misses you.
You closely miss the white imp.
The white imp is almost dead.
The white imp gestures at you. The puff of frost hits you.
You die...
Fedhas appreciates your contribution to the ecosystem.

#.# #. #[# #[ #.# #.
## #.# #. ... #.# #.
...> #.# #.
.....##5#######
#######.
.......@.......
........
.##.###.#######
#######.
#....##############.
#...................
#.....##############
#.....# #.....#
#.....# ...#.#..


You could see a white imp (very poisoned).

Vanquished Creatures
  A necrophage (D:4)
  A scorpion (D:3)
  An iguana (D:4)
  A hound skeleton (D:4)
  4 gnolls
  4 adders
  2 worms
  5 dart slugs
  8 orcs
  6 endoplasms
  5 giant cockroaches
  9 hobgoblins
  2 jackals (D:1)
  9 kobolds
  A quokka (D:4)
  8 ball pythons
  4 bats
  3 frilled lizards
  3 goblins
  6 rats
83 creatures vanquished.

Notes
Turn   | Place    | Note
-------+----------+-------------------------------------------
     0 | D:1      | MisterFreud the Gnoll Venom Mage began the quest for the
                  | Orb.
     0 | D:1      | Reached XP level 1. HP: 13/13 MP: 6/6
   331 | D:1      | Reached XP level 2. HP: 19/19 MP: 3/7
   895 | D:1      | Reached XP level 3. HP: 20/25 MP: 6/9
   899 | D:1      | Learned a level 3 spell: Mephitic Cloud
  1049 | D:1      | Reached skill level 5 in Spellcasting
  1394 | D:1      | Found a faded altar of an unknown god.
  1419 | D:1      | Became a worshipper of Fedhas Madash
  1419 | D:1      | Reached * piety under Fedhas
  1973 | D:2      | Reached skill level 1 in Invocations
  2421 | D:2      | Reached skill level 1 in Fighting
  2421 | D:2      | Reached skill level 1 in Short Blades
  2421 | D:2      | Reached skill level 1 in Long Blades
  2421 | D:2      | Reached skill level 1 in Axes
  2421 | D:2      | Reached skill level 1 in Maces & Flails
  2421 | D:2      | Reached skill level 1 in Polearms
  2421 | D:2      | Reached skill level 1 in Staves
  2421 | D:2      | Reached skill level 1 in Slings
  2421 | D:2      | Reached skill level 1 in Bows
  2421 | D:2      | Reached skill level 1 in Crossbows
  2421 | D:2      | Reached skill level 1 in Throwing
  2421 | D:2      | Reached skill level 1 in Armour
  2421 | D:2      | Reached skill level 1 in Shields
  2421 | D:2      | Reached skill level 1 in Unarmed Combat
  2421 | D:2      | Reached skill level 1 in Evocations
  2550 | D:2      | Reached XP level 4. HP: 28/32 MP: 3/11
  2717 | D:2      | Reached skill level 1 in Conjurations
  2717 | D:2      | Reached skill level 1 in Hexes
  2717 | D:2      | Reached skill level 1 in Summonings
  2717 | D:2      | Reached skill level 1 in Necromancy
  2717 | D:2      | Reached skill level 1 in Translocations
  2717 | D:2      | Reached skill level 1 in Fire Magic
  2717 | D:2      | Reached skill level 1 in Ice Magic
  2717 | D:2      | Reached skill level 1 in Air Magic
  2717 | D:2      | Reached skill level 1 in Earth Magic
  3015 | D:2      | Reached ** piety under Fedhas
  3332 | D:3      | Reached XP level 5. HP: 37/37 MP: 10/12
  3474 | D:3      | Learned a level 4 spell: Olgreb's Toxic Radiance
  4329 | D:4      | Reached XP level 6. HP: 44/44 MP: 10/13
  4442 | D:4      | Noticed a necrophage
  4485 | D:4      | Killed a necrophage
  4486 | D:4      | Reached skill level 5 in Dodging
  4509 | D:4      | Found a sacrificial altar of Ru.
  4722 | D:4      | Found a glowing silver altar of Zin.
  4733 | D:4      | Found a hazy altar of Hepliaklqana.
  4741 | D:4      | Found a shimmering altar of Xom.
  5221 | D:4      | Found an ornate altar of the Wu Jian Council.
  5287 | D:5      | Entered Level 5 of the Dungeon
  5390 | D:5      | Killed from afar by a white imp

Illustrated notes

Levels and vault maps discovered:
D:1:      psy_arrival_spokes, layout_basic,
          hellmonk_ecumenical_altar_defaced_shrine
D:2:      layout_loops_corners, serial_aquarium, aquarium_bridge_square
          [aquarium_subvault_window, aquarium_subvault_bridge,
          aquarium_subvault_balcony, aquarium_subvault_wall],
          aquarium_window_double, aquarium_window_2, aquarium_window_corner,
          aquarium_window_1, aquarium_view_2d, aquarium_view_2d,
          aquarium_balcony_3a
D:3:      layout_loops_ring, serial_rivers, chequers_serial_rivers_marsh,
          chequers_serial_rivers_room_a, chequers_serial_rivers_micro_a,
          chequers_serial_rivers_micro_e, kennysheep_generic_room_13
D:4:      layout_rooms, minmay_overflow_temple_star_hex, minivault_4
D:5:      layout_basic, gup_sewer_entry_pipe, guppyfry_early_lair_pool

Skill      XL: |  1  2  3  4  5  6 |
---------------+-------------------+-----
Transmutations | 2 |  2.7
Spellcasting   | 5 |  5.4
Invocations    | 1 2 |  2.2
Fighting       | 1 2 |  2.0
Short Blades   | 1 2 |  2.0
Long Blades    | 1 2 |  2.0
Axes           | 1 2 |  2.0
Maces & Flails | 1 2 |  2.0
Polearms       | 1 2 |  2.0
Staves         | 1 2 |  2.0
Slings         | 1 2 |  2.0
Bows           | 1 2 |  2.0
Crossbows      | 1 2 |  2.0
Throwing       | 1 2 |  2.0
Armour         | 1 2 |  2.0
Shields        | 1 2 |  2.0
Unarmed Combat | 1 2 |  2.0
Evocations     | 1 2 |  2.0
Conjurations   | 1 |  1.6
Hexes          | 1 |  1.6
Summonings     | 1 |  1.6
Necromancy     | 1 |  1.6
Translocations | 1 |  1.6
Fire Magic     | 1 |  1.6
Ice Magic      | 1 |  1.6
Air Magic      | 1 |  1.6
Earth Magic    | 1 |  1.6
Dodging        | 5 |  5.0
Stealth        | |  4.6
Poison Magic   | |  5.7

Action                   |  1- 3 |  4- 6 || total
-------------------------+-------+-------++-------
Melee: Club              |     2 |       ||     2
       Short sword       |    17 |    81 ||    98
       Bite              |     3 |     4 ||     7
 Fire: Hunting sling     |       |     3 ||     3
 Cast: Sting             |    72 |    66 ||   138
       Olgreb's Toxic Ra |       |     1 ||     1
  Use: Scroll            |       |     5 ||     5
       Potion            |       |     2 ||     2
 Stab: Sleeping          |     1 |     4 ||     5
Armor: Robe              |     4 |     6 ||    10
       Skin              |       |    17 ||    17
Dodge: Dodged            |    29 |    57 ||    86
